General information
- name: BNet
- type: Ladder team game (AT/RT)
- host: Battle.net
- saver: TIMG4STRok
map: Goldshire
- players: 4
- length: 15:02
- speed: Fast
- version: 1.24 W3XP
- replay type:

» download(90 KB)
Players
team 1 (winner)

»
TeK-9.Puls4R (
orange | 111 APM | 1668 actions | 15:01)
3 Tauren Chieftain
2 War Stomp
1 Endurance Aura
3 Shadow Hunter
2 Hex
1 Healing Wave
» actions
| Assign group hotkey | 26 | |
| Basic commands | 1 | |
| Build / train | 59 | |
| Enter build submenu | 13 | |
| Enter hero's abilities submenu | 6 | |
| Give item / drop item | 1 | |
| Right click | 632 | |
| Select / deselect | 525 | |
| Select group hotkey | 301 | |
| Use ability | 104 | |
1668 total
» units
| Peon | 8 | |
| Grunt | 11 | |
| Shaman | 4 | |
| Tauren | 1 | |
24 total
» upgrades
| Berserker Strength | 1 | |
| Armor | 1 | |
| Shaman Training | 2 | |
4 total
» buildings
| Altar of Storms | 1 | |
| Orc Burrow | 5 | |
| Barracks | 1 | |
| Voodoo Lounge | 1 | |
| Stronghold | 2 | |
| War Mill | 1 | |
| Fortress | 2 | |
| Spirit Lodge | 1 | |
| Tauren Totem | 2 | |
16 total
» build order
00:05 Altar of Storms
00:07 Orc Burrow
00:57 Barracks
01:29 Orc Burrow
01:46 Voodoo Lounge
04:00 Orc Burrow
04:53 Stronghold
05:31 War Mill
06:34 Orc Burrow
07:43 Fortress
07:43 Fortress
07:46 Spirit Lodge
09:06 Orc Burrow
10:24 Tauren Totem
13:03 Tauren Totem
» items
| Healing Salve | 4 | |
| Lesser Clarity Potion | 5 | |
| Scroll of Speed | 1 | |
| Scroll of Town Portal | 1 | |
11 total

»
TIMG4STRok (
red | 129 APM | 1935 actions | 15:02)
5 Death Knight
3 Death Coil
2 Unholy Aura
4 Lich
2 Frost Nova
2 Frost Armor
» actions
| Assign group hotkey | 22 | |
| Basic commands | 77 | |
| Build / train | 50 | |
| Enter build submenu | 12 | |
| Enter hero's abilities submenu | 9 | |
| Give item / drop item | 5 | |
| Right click | 795 | |
| Select / deselect | 180 | |
| Select group hotkey | 692 | |
| Use ability | 93 | |
1935 total
» units
| Acolyte | 2 | |
| Ghoul | 3 | |
| Crypt Fiend | 8 | |
| Obsidian Statue | 4 | |
17 total
» upgrades
| Burrow | 1 | |
| Creature Attack | 2 | |
| Destroyer Form | 1 | |
| Web | 1 | |
5 total
» buildings
| Graveyard | 1 | |
| Crypt | 1 | |
| Ziggurat | 6 | |
| Altar of Darkness | 1 | |
| Tomb of Relics | 1 | |
| Halls of the Dead | 1 | |
| Slaughterhouse | 1 | |
| Black Citadel | 1 | |
| Sacrificial Pit | 1 | |
14 total
» build order
00:06 Graveyard
00:10 Crypt
00:29 Ziggurat
00:46 Altar of Darkness
01:35 Ziggurat
01:49 Tomb of Relics
03:30 Ziggurat
04:19 Halls of the Dead
05:18 Ziggurat
06:43 Slaughterhouse
07:29 Ziggurat
08:57 Black Citadel
09:00 Sacrificial Pit
10:32 Ziggurat
» items
| Rod of Necromancy | 1 | |
| Dust of Appearance | 1 | |
| Scroll of Town Portal | 2 | |
| Potion of Healing | 3 | |
| Orb of Corruption | 4 | |
11 total
team 2 (loser)
IittIespoon (
green | 60 APM | 899 actions | 15:00)
3 Archmage
2 Summon Water Elemental
1 Brilliance Aura
2 Mountain King
1 Storm Bolt
1 Bash
» actions
| Assign group hotkey | 20 | |
| Basic commands | 92 | |
| Build / train | 46 | |
| Enter build submenu | 18 | |
| Enter hero's abilities submenu | 5 | |
| Remove unit from queue | 1 | |
| Right click | 290 | |
| Select / deselect | 293 | |
| Select group hotkey | 75 | |
| Use ability | 59 | |
899 total
» units
| Peasant | 8 | |
| Footman | 6 | |
| Sorceress | 6 | |
| Priest | 3 | |
| Spell Breaker | 4 | |
27 total
» upgrades
| Defend | 1 | |
| Sorceress Training | 1 | |
| Priest Training | 1 | |
3 total
» buildings
| Altar of Kings | 1 | |
| Barracks | 1 | |
| Farm | 8 | |
| Scout Tower | 2 | |
| Arcane Tower | 1 | |
| Keep | 1 | |
| Arcane Vault | 1 | |
| Arcane Sanctum | 2 | |
| Blacksmith | 1 | |
18 total
» build order
00:07 Altar of Kings
00:22 Barracks
00:38 Farm
01:05 Farm
01:51 Scout Tower
01:55 Scout Tower
02:24 Arcane Tower
03:17 Keep
03:20 Farm
03:27 Arcane Vault
04:05 Farm
05:42 Arcane Sanctum
05:46 Arcane Sanctum
06:59 Farm
08:11 Farm
08:45 Farm
13:08 Blacksmith
13:21 Farm
» items
| Scroll of Regeneration | 3 | |
| Lesser Clarity Potion | 2 | |
5 total
Vandraft (
teal | 97 APM | 1445 actions | 14:55)
3 Blademaster
2 Wind Walk
1 Critical Strike
2 Shadow Hunter
1 Hex
1 Healing Wave
» actions
| Assign group hotkey | 29 | |
| Basic commands | 145 | |
| Build / train | 62 | |
| Enter build submenu | 13 | |
| Enter hero's abilities submenu | 5 | |
| Right click | 757 | |
| Select / deselect | 362 | |
| Select group hotkey | 14 | |
| Use ability | 58 | |
1445 total
» units
| Peon | 7 | |
| Grunt | 12 | |
| Raider | 6 | |
| Spirit Walker | 3 | |
| Kodo Beast | 4 | |
| Demolisher | 2 | |
| Troll Batrider | 4 | |
38 total
» upgrades
| Berserker Strength | 1 | |
| Ensnare | 1 | |
| Melee Weapons | 1 | |
| Spirit Walker Training | 1 | |
4 total
» buildings
| Altar of Storms | 1 | |
| Orc Burrow | 6 | |
| Barracks | 1 | |
| Voodoo Lounge | 1 | |
| Stronghold | 1 | |
| Beastiary | 1 | |
| Spirit Lodge | 1 | |
| War Mill | 1 | |
13 total
» build order
00:04 Altar of Storms
00:16 Orc Burrow
00:37 Barracks
01:29 Orc Burrow
02:24 Voodoo Lounge
02:57 Stronghold
03:26 Orc Burrow
04:37 Orc Burrow
05:45 Beastiary
06:47 Spirit Lodge
06:49 War Mill
08:16 Orc Burrow
09:11 Orc Burrow
» items
| Lesser Clarity Potion | 2 | |
| Healing Salve | 1 | |
3 total
Chat log
(00:44 / Allies) TeK-9.Puls4R: tc grunt
(00:50 / Allies) TIMG4STRok: k
(05:37 / Allies) TIMG4STRok: gogog
(05:40 / Allies) TeK-9.Puls4R: k
(05:50 / Allies) TIMG4STRok: am
(05:51 / Allies) TIMG4STRok: if you can
(06:19 / Allies) TeK-9.Puls4R: am out
(09:31 / Allies) TeK-9.Puls4R: y
(10:14 / Allies) TIMG4STRok: had to out
(10:17 / Allies) TIMG4STRok: my bad
(10:18 / Allies) TIMG4STRok: we win tho
(12:01 / Allies) TeK-9.Puls4R: bm
(12:02 / Allies) TeK-9.Puls4R: bm
(14:51 / All) IittIespoon: gg